 Dungeon Sprint DCSS version 0.22-a0-379-ga9d99d6 (webtiles) character file.

65 emperorscorpion the Shield-Bearer (level 4, -3/39 HPs)
             Began as a Formicid Fighter on Apr 29, 2018.
             Slain by an ogre
             ... wielding a +0 giant club
              (21 damage)
             ... in the Dungeon (Sprint IX: "|||||||||||||||||||||||||||||").
             The game lasted 00:00:33 (80 turns).

emperorscorpion the Shield-Bearer (Formicid Fighter)  Turns: 80, Time: 00:00:34

Health: -3/39      AC:  7    Str: 21    XL:     4   Next: 35%
Magic:  4/4        EV:  9    Int:  7    God:
Gold:   0          SH: 10    Dex: 11    Spells: 3/3 levels left

rFire    . . .     SeeInvis +   a - +0 trident
rCold    . . .     Gourm    .   c - +0 shield
rNeg     . . .     Faith    .   b - +0 scale mail
rPois    .         Spirit   .   (helmet unavailable)
rElec    .         Reflect  .   (no cloak)
rCorr    .         Harm     .   (no gloves)
MR       .....                  (no boots)
Stlth    ..........             (no amulet)
HPRegen  0.13/turn              (no ring)
MPRegen  0.09/turn              (no ring)

@: no status effects
A: permanent stasis, dig shafts and tunnels, four strong arms, antennae 3
a: Dig


You were in the Dungeon.
You were not hungry.

You visited 1 branch

Inventory:

Hand Weapons
 a - a +0 trident (weapon)
Armour
 b - a +0 scale mail (worn)
 c - a +0 shield (worn)
Scrolls
 k - a scroll of blinking
Potions
 d - a potion of might
 e - a potion of curing
 h - a potion of haste
 i - 2 potions of magic
 j - a potion of berserk rage
Comestibles
 f - a ration
 l - 5 chunks of flesh


   Skills:
 + Level 5.6 Fighting
 + Level 3.3 Polearms
 + Level 5.4 Armour
 + Level 0.7 Dodging
 + Level 6.1 Shields


You had 3 spell levels left.
You didn't know any spells.

Dungeon Overview and Level Annotations

Branches:
Dungeon (1/1)

Altars:


Innate Abilities, Weirdness & Mutations

You cannot be hasted, slowed, berserked, paralysed or teleported.
You can dig through walls and to a lower floor.
Your four strong arms can wield two-handed weapons with a shield.
You have a pair of large antennae on your head. (SInv)


Message History

You have reached level 4!
You feel stronger.
You hit the ogre.
The ogre is lightly wounded.
You block the ogre's attack.
You hit the ogre.
The ogre is moderately wounded.
You block the ogre's attack.
You completely miss the ogre.
The ogre is moderately wounded.
The ogre hits you with a giant club.
You hit the ogre.
The ogre is moderately wounded.
You are no longer corroded.
You block the ogre's attack.
You hit the ogre.
The ogre is heavily wounded.
The ogre hits you with a giant club!!
Ouch! That really hurt!
You die...

▓▓▓
▓@▓
▓O▓
▓l▓
▓a▓
▓(▓
▓.▓
▓.▓
▓.▓
▓.▓


You could see an ogre, a worker ant and a leopard gecko.

Vanquished Creatures
  A hound (D)
  A jelly (D)
  A leopard gecko (D)
  A goblin (D)
  A frilled lizard (D)
  A kobold (D)
  A rat (D)
7 creatures vanquished.

Notes
Turn   | Place    | Note
-------+----------+-------------------------------------------
     0 | D        | emperorscorpion the Formicid Fighter began the quest for the Orb.
     0 | D        | Reached XP level 1. HP: 18/18 MP: 1/1
     7 | D        | Reached skill level 4 in Shields
    53 | D        | Noticed a jelly
    53 | D        | Noticed a hound
    53 | D        | Noticed an ogre
    53 | D        | Noticed a worker ant
    67 | D        | Killed a jelly
    67 | D        | Reached skill level 5 in Shields
    67 | D        | Reached XP level 2. HP: 20/26 MP: 2/2
    67 | D        | Reached XP level 3. HP: 25/32 MP: 3/3
    75 | D        | Reached skill level 5 in Fighting
    75 | D        | Reached skill level 5 in Armour
    75 | D        | Reached skill level 6 in Shields
    75 | D        | Reached XP level 4. HP: 21/39 MP: 4/4
    80 | D        | Slain by an ogre

Vault maps used:
D:        linesprint

Skill      XL: |  1  2  3 |
---------------+----------+-----
Shields        | 5 6 |  6.1
Armour         | 4 5 |  5.4
Fighting       | 4 5 |  5.6
Polearms       | 3 |  3.3
Dodging        | |  0.7

Action                   |  1- 3 |  4- 6 || total
-------------------------+-------+-------++-------
Melee: Trident           |    24 |     5 ||    29
  Use: Potion            |     1 |       ||     1
Armor: Scale mail        |     3 |       ||     3
Dodge: Dodged            |     3 |       ||     3
Block: Shield            |    14 |     3 ||    17

Table legend:
 A = Spawn XP
 B = Non-spawn XP
 C = Spawn XP percentage of total XP
 D = Spawn monster count
 E = Non-spawn monster count
 F = Spawn count percentage of total count
 G = Total turns spent on level
                    A         B        C        D         E        F      G
               +---------+---------+-------+---------+---------+-------+---------
         Total |       0 |      94 |   0.0 |       0 |       7 |   0.0 |    80
               +---------+---------+-------+---------+---------+-------+---------
             D |       0 |      94 |   0.0 |       0 |       7 |   0.0 |    80
               +---------+---------+-------+---------+---------+-------+---------
